Canadiens vs Bruins

Created - December 8 2011 at 19:13

Goals
1 2 3 T
Canadiens 1 1 4 6
Bruins 0 1 0 1
Shots
1 2 3 T
Canadiens 14 5 16 35
Bruins 4 14 7 25

Period #1

1. Canadiens , P.K. Subban 5 (Andy McDonald) at 9:03

Penalties :
Zach Bogosian (BOS) for Hooking (Minor) at 0:56, Zach Bogosian (BOS) for Roughing (Minor) at 6:01, Tobias Enstrom (BOS) for Tripping (Minor) at 14:14, Patrice Bergeron (BOS) for Roughing (Minor) at 18:10

Period #2

2. Bruins , Nathan Horton 9 (Dennis Seidenberg) at 10:56
3. Canadiens , Dustin Byfuglien 8 (Tom Poti, Logan Couture) at 13:20

Penalties :
Tom Poti (MTL) for Holding (Minor) at 3:40, Jonathan Toews (MTL) for Holding (Minor) at 16:07, Travis Hamonic (MTL) for Interference (Minor) at 18:20

Period #3

4. Canadiens , Bryan Little 2 (Marc-Edouard Vlasic, Tom Poti) at 9:45
5. Canadiens , Jonathan Toews 13 (P.K. Subban, Jonas Hiller) at 14:47
6. Canadiens , Jonathan Toews 14 (Andy McDonald) at 15:18
7. Canadiens , Andy McDonald 13 (P.K. Subban, Jonathan Toews) at 16:56 (PP)

Penalties :
Adam McQuaid (BOS) for Fighting (Major) at 1:06, Brandon Dubinsky (MTL) for Fighting (Major) at 1:06, Brandon Dubinsky (MTL) for instigated a fight (Game Misconduct) at 1:06, Cam Ward (BOS) for Slashing (Minor) at 4:36 - David Krejci served the penalty., Zdeno Chara (BOS) for Hooking (Minor) at 16:49

Goalie Stats

Jonas Hiller (MTL), 24 saves from 25 shots - (0.960), W, 13-8-2, 60:00 minutes
Cam Ward (BOS), 29 saves from 35 shots - (0.829), L, 17-8-1, 60:00 minutes

Players Stats

Canadiens
Player Name              G  A  P  +/- PIM S  H  SB FO    MP 
------------------------------------------------------------
Andy McDonald            1  2  3   3  0   5  0  0  12/25 20 
Brandon Dubinsky         0  0  0   1  17  3  2  0  0/2   16 
Bryan Little             1  0  1   0  0   2  0  1  2/6   8  
David Perron             0  0  0   0  0   3  1  0  0/1   14 
Dominic Moore            0  0  0   0  0   2  3  0  0/0   10 
Dustin Byfuglien         1  0  1   1  0   2  1  1  0/1   15 
Henrik Tallinder         0  0  0   3  0   0  0  0  0/0   20 
Jonathan Toews           2  1  3   3  2   5  1  0  10/24 19 
Jordan Eberle            0  0  0   0  0   2  0  0  0/2   18 
Lars Eller               0  0  0   0  0   1  0  0  1/1   8  
Logan Couture            0  1  1   1  0   1  2  0  0/1   12 
Manny Malhotra           0  0  0   0  0   2  2  0  17/23 18 
Marc-Edouard Vlasic      0  1  1   2  0   1  1  0  0/0   22 
P.K. Subban              1  2  3   2  0   4  5  1  0/0   22 
Rob Scuderi              0  0  0   0  0   1  0  1  0/0   18 
Tom Poti                 0  2  2   1  2   0  1  0  0/0   20 
Travis Hamonic           0  0  0   0  2   0  2  2  0/0   14 
Ville Leino              0  0  0   3  0   1  0  0  0/1   19 
Bruins
Player Name              G  A  P  +/- PIM S  H  SB FO    MP 
------------------------------------------------------------
Adam McQuaid             0  0  0  -2  5   0  0  0  0/0   16 
Ales Hemsky              0  0  0  -2  0   2  0  0  0/0   15 
Brad Marchand            0  0  0  -1  0   4  1  0  0/1   17 
Chris Kelly              0  0  0  -2  0   0  1  0  7/15  14 
David Krejci             0  0  0   1  0   1  0  0  17/29 14 
Dennis Seidenberg        0  1  1  -1  0   2  2  2  0/0   22 
Derick Brassard          0  0  0  -1  0   0  0  0  4/11  13 
Evander Kane             0  0  0  -1  0   1  1  0  1/1   13 
Jordan Leopold           0  0  0  -1  0   0  0  0  0/0   19 
Milan Lucic              0  0  0   1  0   1  2  0  0/0   14 
Nathan Horton            1  0  1   1  0   1  1  0  2/3   10 
Patrice Bergeron         0  0  0  -2  2   3  0  0  14/22 20 
Rich Peverley            0  0  0  -2  0   2  1  0  0/1   13 
Rick Nash                0  0  0  -2  0   5  1  0  0/2   15 
Tobias Enstrom           0  0  0  -2  2   1  0  0  0/0   16 
Tyler Seguin             0  0  0  -2  0   0  1  0  0/2   14 
Zach Bogosian            0  0  0  -2  4   1  2  0  0/0   19 
Zdeno Chara              0  0  0   0  2   1  2  1  0/0   23 

3 Stars

1 - P.K. Subban (MTL)
2 - Jonathan Toews (MTL)
3 - Andy McDonald (MTL)

Power Play

Canadiens - 1 on 6 Attempt(s) - 16.67%
Bruins - 0 on 4 Attempt(s) - 0.00%

Penalty Kill

Canadiens - 4 on 4 Attempt(s) - 100.00% - Score 0 goal in Penalty Kill
Bruins - 5 on 6 Attempt(s) - 83.33% - Score 0 goal in Penalty Kill

Game Notes

Adam McQuaid and Brandon Dubinsky fight to a draw at 1:06 of 3rd period
Brandon Dubinsky ejected from game at 1:06 of 3rd period
Brandon Dubinsky from Canadiens is suspended for 1 game(s)

Finance

Level 1 -- Attendance: 6500 (100.00%) -- Ticket Income $487,500.00
Level 2 -- Attendance: 5000 (100.00%) -- Ticket Income $250,000.00
Level 3 -- Attendance: 3500 (100.00%) -- Ticket Income $105,000.00
Level 4 -- Attendance: 1565 (100.00%) -- Ticket Income $31,300.00
Luxury Box -- Attendance: 959 (95.90%) -- Ticket Income $143,850.00
Game was played at the TD Garden
Total Attendance: 17524 (99.77%)
Total Ticket Income: $1,074,934.00
Other Income: $209,123.70
Total Income: $1,284,058.00


Play by Play

Period #1

0:01 of 1st period - David Krejci wins face-off versus Dustin Byfuglien in neutral zone.
0:15 of 1st period - Shot by Jonathan Toews.
0:15 of 1st period - Shot Blocked by Dennis Seidenberg.
0:19 of 1st period - Shot by Jonathan Toews.
0:19 of 1st period - Stopped by Cam Ward without a rebound.
0:20 of 1st period - Andy McDonald wins face-off versus Patrice Bergeron in Bruins zone.
0:25 of 1st period - Shot by Andy McDonald.
0:25 of 1st period - Stopped by Cam Ward without a rebound.
0:26 of 1st period - Derick Brassard wins face-off versus Jordan Eberle in Bruins zone.
0:37 of 1st period - Shot by Brad Marchand.
0:37 of 1st period - Shot Misses the Net.
0:41 of 1st period - Shot by Brad Marchand.
0:41 of 1st period - Stopped by Jonas Hiller with a rebound.
0:43 of 1st period - Shot by Brad Marchand.
0:43 of 1st period - Stopped by Jonas Hiller without a rebound.
0:44 of 1st period - Jonathan Toews wins face-off versus Patrice Bergeron in Canadiens zone.
0:54 of 1st period - Zach Bogosian is hit by Dustin Byfuglien and loses puck.
0:56 of 1st period - Minor Penalty to Zach Bogosian for Hooking.
0:57 of 1st period - David Krejci wins face-off versus Brandon Dubinsky in Bruins zone.
1:16 of 1st period - Icing by Andy McDonald.
1:17 of 1st period - David Krejci wins face-off versus Andy McDonald in Canadiens zone.
1:27 of 1st period - Icing by Andy McDonald.
1:28 of 1st period - David Krejci wins face-off versus Andy McDonald in Canadiens zone.
2:07 of 1st period - Shot by Dustin Byfuglien.
2:07 of 1st period - Deflect By Jonathan Toews.
2:07 of 1st period - Stopped by Cam Ward without a rebound.
2:08 of 1st period - David Krejci wins face-off versus Jonathan Toews in Bruins zone.
2:14 of 1st period - Icing by Marc-Edouard Vlasic.
2:15 of 1st period - David Krejci wins face-off versus Jonathan Toews in Canadiens zone.
2:36 of 1st period - Adam McQuaid is hit by Logan Couture and loses puck.
3:36 of 1st period - Shot by Rick Nash.
3:36 of 1st period - Shot Misses the Net.
3:38 of 1st period - Shot by Rick Nash.
3:38 of 1st period - Stopped by Jonas Hiller without a rebound.
3:39 of 1st period - Manny Malhotra wins face-off versus Chris Kelly in Canadiens zone.
3:48 of 1st period - Shot by Rich Peverley.
3:48 of 1st period - Shot Misses the Net.
3:55 of 1st period - Icing by Rob Scuderi.
3:56 of 1st period - Manny Malhotra wins face-off versus Derick Brassard in Canadiens zone.
4:01 of 1st period - Zdeno Chara is hit by Manny Malhotra and loses puck.
4:09 of 1st period - Jordan Eberle is hit by Zdeno Chara and loses puck.
5:46 of 1st period - Shot by Brandon Dubinsky.
5:46 of 1st period - Stopped by Cam Ward without a rebound.
5:47 of 1st period - Manny Malhotra wins face-off versus Rick Nash in Bruins zone.
5:47 of 1st period - Jordan Eberle is hit by Zach Bogosian and loses puck.
6:01 of 1st period - Minor Penalty to Zach Bogosian for Roughing.
6:02 of 1st period - Patrice Bergeron wins face-off versus Jonathan Toews in Bruins zone.
6:19 of 1st period - Shot by Logan Couture.
6:19 of 1st period - Stopped by Cam Ward without a rebound.
6:20 of 1st period - Andy McDonald wins face-off versus David Krejci in Bruins zone.
6:31 of 1st period - Shot by Andy McDonald.
6:31 of 1st period - Stopped by Cam Ward without a rebound.
6:32 of 1st period - David Krejci wins face-off versus Logan Couture in Bruins zone.
7:25 of 1st period - Shot by Andy McDonald.
7:25 of 1st period - Stopped by Cam Ward without a rebound.
7:26 of 1st period - Patrice Bergeron wins face-off versus Andy McDonald in Bruins zone.
8:11 of 1st period - Icing by Manny Malhotra.
8:12 of 1st period - Manny Malhotra wins face-off versus Chris Kelly in Canadiens zone.
8:12 of 1st period - Manny Malhotra is hit by Rich Peverley.
8:33 of 1st period - Icing by Adam McQuaid.
8:34 of 1st period - Jonathan Toews wins face-off versus Tyler Seguin in Bruins zone.
8:59 of 1st period - Off-side.
9:00 of 1st period - Andy McDonald wins face-off versus Derick Brassard in neutral zone.
9:03 of 1st period - Shot by P.K. Subban.
9:03 of 1st period - Goal by P.K. Subban - Canadiens : 1 - Bruins : 0.
9:04 of 1st period - Evander Kane wins face-off versus Manny Malhotra in neutral zone.
9:26 of 1st period - Shot by David Perron.
9:26 of 1st period - Stopped by Cam Ward with a rebound.
10:10 of 1st period - Shot by P.K. Subban.
10:10 of 1st period - Shot Misses the Net.
10:12 of 1st period - Shot by P.K. Subban.
10:12 of 1st period - Stopped by Cam Ward without a rebound.
10:13 of 1st period - Jonathan Toews wins face-off versus Rick Nash in Bruins zone.
11:02 of 1st period - Icing by Logan Couture.
11:03 of 1st period - Jonathan Toews wins face-off versus Tyler Seguin in Canadiens zone.
11:18 of 1st period - P.K. Subban is hit by Chris Kelly and loses puck.
11:39 of 1st period - Tyler Seguin is hit by P.K. Subban and loses puck.
12:45 of 1st period - Travis Hamonic is hit by Brad Marchand and loses puck.
13:34 of 1st period - Shot by Bryan Little.
13:34 of 1st period - Deflect By Dominic Moore.
13:34 of 1st period - Shot Misses the Net.
13:38 of 1st period - Shot by Lars Eller.
13:38 of 1st period - Stopped by Cam Ward with a rebound.
14:12 of 1st period - Jordan Eberle is hit by Zach Bogosian and loses puck.
14:14 of 1st period - Minor Penalty to Tobias Enstrom for Tripping.
14:15 of 1st period - David Krejci wins face-off versus Jonathan Toews in Bruins zone.
14:26 of 1st period - Shot by P.K. Subban.
14:26 of 1st period - Shot Misses the Net.
14:28 of 1st period - Shot by Dustin Byfuglien.
14:28 of 1st period - Stopped by Cam Ward without a rebound.
14:29 of 1st period - Andy McDonald wins face-off versus Patrice Bergeron in Bruins zone.
14:52 of 1st period - Shot by Brandon Dubinsky.
14:52 of 1st period - Shot Blocked by Dennis Seidenberg.
14:54 of 1st period - Shot by Brandon Dubinsky.
14:54 of 1st period - Shot Misses the Net.
14:58 of 1st period - Shot by Andy McDonald.
14:58 of 1st period - Stopped by Cam Ward without a rebound.
14:59 of 1st period - David Krejci wins face-off versus Jonathan Toews in Bruins zone.
14:59 of 1st period - David Krejci is hit by Jonathan Toews.
15:28 of 1st period - Shot by Logan Couture.
15:28 of 1st period - Shot Misses the Net.
15:56 of 1st period - Adam McQuaid is hit by Brandon Dubinsky and loses puck.
16:01 of 1st period - Shot by Brandon Dubinsky.
16:01 of 1st period - Stopped by Cam Ward without a rebound.
16:02 of 1st period - Andy McDonald wins face-off versus David Krejci in Bruins zone.
16:23 of 1st period - Shot by Ales Hemsky.
16:23 of 1st period - Shot Misses the Net.
16:27 of 1st period - Shot by Rick Nash.
16:27 of 1st period - Stopped by Jonas Hiller without a rebound.
16:28 of 1st period - Bryan Little wins face-off versus Chris Kelly in Canadiens zone.
16:35 of 1st period - Rich Peverley is hit by Dominic Moore.
16:45 of 1st period - Rich Peverley is hit by Dominic Moore and loses puck.
17:36 of 1st period - Off-side.
17:37 of 1st period - Andy McDonald wins face-off versus Patrice Bergeron in neutral zone.
18:00 of 1st period - Shot by Brandon Dubinsky.
18:00 of 1st period - Shot Misses the Net.
18:10 of 1st period - Minor Penalty to Patrice Bergeron for Roughing.
18:11 of 1st period - David Krejci wins face-off versus Jonathan Toews in Bruins zone.
19:11 of 1st period - Shot by Brandon Dubinsky.
19:11 of 1st period - Shot Misses the Net.
19:13 of 1st period - Shot by Brandon Dubinsky.
19:13 of 1st period - Shot Misses the Net.
19:22 of 1st period - Icing by Tom Poti.
19:23 of 1st period - Nathan Horton wins face-off versus Andy McDonald in Canadiens zone.

Period #2

0:01 of 2nd period - Jonathan Toews wins face-off versus David Krejci in neutral zone.
0:38 of 2nd period - Shot by Patrice Bergeron.
0:38 of 2nd period - Stopped by Jonas Hiller without a rebound.
0:39 of 2nd period - Jonathan Toews wins face-off versus David Krejci in Canadiens zone.
1:13 of 2nd period - Jonathan Toews is hit by Dennis Seidenberg and loses puck.
1:42 of 2nd period - P.K. Subban is hit by Rick Nash and loses puck.
1:59 of 2nd period - Shot by Patrice Bergeron.
1:59 of 2nd period - Shot Misses the Net.
2:01 of 2nd period - Shot by Rick Nash.
2:01 of 2nd period - Stopped by Jonas Hiller without a rebound.
2:02 of 2nd period - Manny Malhotra wins face-off versus Derick Brassard in Canadiens zone.
2:11 of 2nd period - Shot by David Perron.
2:11 of 2nd period - Shot Blocked by Zdeno Chara.
2:13 of 2nd period - Shot by Manny Malhotra.
2:13 of 2nd period - Stopped by Cam Ward without a rebound.
2:14 of 2nd period - Manny Malhotra wins face-off versus Chris Kelly in Bruins zone.
2:37 of 2nd period - Icing by Travis Hamonic.
2:38 of 2nd period - Manny Malhotra wins face-off versus Derick Brassard in Canadiens zone.
3:05 of 2nd period - Shot by Brad Marchand.
3:05 of 2nd period - Stopped by Jonas Hiller with a rebound.
3:07 of 2nd period - Shot by Evander Kane.
3:07 of 2nd period - Stopped by Jonas Hiller without a rebound.
3:08 of 2nd period - Patrice Bergeron wins face-off versus Andy McDonald in Canadiens zone.
3:09 of 2nd period - Shot by Tobias Enstrom.
3:09 of 2nd period - Shot Misses the Net.
3:11 of 2nd period - Shot by Tobias Enstrom.
3:11 of 2nd period - Shot Hit the Post.
3:13 of 2nd period - Shot by Patrice Bergeron.
3:13 of 2nd period - Stopped by Jonas Hiller without a rebound.
3:14 of 2nd period - Jonathan Toews wins face-off versus Patrice Bergeron in Canadiens zone.
3:21 of 2nd period - Shot by Patrice Bergeron.
3:21 of 2nd period - Shot Blocked by Dustin Byfuglien.
3:25 of 2nd period - Shot by Rick Nash.
3:25 of 2nd period - Deflect By Patrice Bergeron.
3:25 of 2nd period - Stopped by Jonas Hiller with a rebound.
3:27 of 2nd period - Shot by Rick Nash.
3:27 of 2nd period - Shot Misses the Net.
3:40 of 2nd period - Minor Penalty to Tom Poti for Holding.
3:41 of 2nd period - Manny Malhotra wins face-off versus David Krejci in Canadiens zone.
3:53 of 2nd period - Ales Hemsky is hit by P.K. Subban and loses puck.
4:04 of 2nd period - Shot by Ales Hemsky.
4:04 of 2nd period - Stopped by Jonas Hiller with a rebound.
4:08 of 2nd period - Shot by Ales Hemsky.
4:08 of 2nd period - Shot Misses the Net.
4:24 of 2nd period - Icing by Jordan Leopold.
4:25 of 2nd period - Manny Malhotra wins face-off versus David Krejci in Bruins zone.
5:52 of 2nd period - Icing by Zach Bogosian.
5:53 of 2nd period - Chris Kelly wins face-off versus Brandon Dubinsky in Bruins zone.
6:07 of 2nd period - Icing by Tyler Seguin.
6:08 of 2nd period - Chris Kelly wins face-off versus Bryan Little in Bruins zone.
6:10 of 2nd period - Tyler Seguin is hit by Dominic Moore and loses puck.
8:09 of 2nd period - Shot by Jordan Eberle.
8:09 of 2nd period - Stopped by Cam Ward without a rebound.
8:10 of 2nd period - Manny Malhotra wins face-off versus David Krejci in Bruins zone.
8:10 of 2nd period - Jordan Eberle is hit by Zdeno Chara and loses puck.
8:18 of 2nd period - Icing by Zdeno Chara.
8:19 of 2nd period - David Krejci wins face-off versus David Perron in Bruins zone.
8:26 of 2nd period - Shot by David Krejci.
8:26 of 2nd period - Shot Misses the Net.
8:28 of 2nd period - Shot by Zdeno Chara.
8:28 of 2nd period - Shot Blocked by Travis Hamonic.
9:24 of 2nd period - Icing by Jordan Leopold.
9:25 of 2nd period - Derick Brassard wins face-off versus Jonathan Toews in Bruins zone.
9:25 of 2nd period - Derick Brassard is hit by Logan Couture.
10:31 of 2nd period - Shot by Brandon Dubinsky.
10:31 of 2nd period - Stopped by Cam Ward without a rebound.
10:32 of 2nd period - David Krejci wins face-off versus Bryan Little in Bruins zone.
10:46 of 2nd period - Icing by Tom Poti.
10:47 of 2nd period - David Krejci wins face-off versus Bryan Little in Canadiens zone.
10:56 of 2nd period - Shot by Nathan Horton.
10:56 of 2nd period - Goal by Nathan Horton - Canadiens : 1 - Bruins : 1.
10:57 of 2nd period - Manny Malhotra wins face-off versus David Krejci in neutral zone.
11:04 of 2nd period - Shot by Manny Malhotra.
11:04 of 2nd period - Stopped by Cam Ward without a rebound.
11:05 of 2nd period - Andy McDonald wins face-off versus David Krejci in Bruins zone.
11:22 of 2nd period - Dennis Seidenberg is hit by Brandon Dubinsky and loses puck.
11:47 of 2nd period - Shot by Tobias Enstrom.
11:47 of 2nd period - Stopped by Jonas Hiller without a rebound.
11:48 of 2nd period - Patrice Bergeron wins face-off versus Manny Malhotra in Canadiens zone.
12:42 of 2nd period - Icing by Tyler Seguin.
12:43 of 2nd period - Chris Kelly wins face-off versus Jonathan Toews in Bruins zone.
13:04 of 2nd period - Shot by Dustin Byfuglien.
13:04 of 2nd period - Shot Misses the Net.
13:08 of 2nd period - Shot by Jonathan Toews.
13:08 of 2nd period - Shot Misses the Net.
13:12 of 2nd period - Shot by Logan Couture.
13:12 of 2nd period - Shot Misses the Net.
13:14 of 2nd period - Shot by Jonathan Toews.
13:14 of 2nd period - Shot Misses the Net.
13:16 of 2nd period - Shot by Logan Couture.
13:16 of 2nd period - Shot Misses the Net.
13:18 of 2nd period - Shot by Tom Poti.
13:18 of 2nd period - Shot Misses the Net.
13:20 of 2nd period - Shot by Dustin Byfuglien.
13:20 of 2nd period - Goal by Dustin Byfuglien - Canadiens : 2 - Bruins : 1.
13:21 of 2nd period - Derick Brassard wins face-off versus Andy McDonald in neutral zone.
14:29 of 2nd period - Icing by Tobias Enstrom.
14:30 of 2nd period - Patrice Bergeron wins face-off versus Jonathan Toews in Bruins zone.
14:32 of 2nd period - Icing by Rick Nash.
14:33 of 2nd period - Patrice Bergeron wins face-off versus Manny Malhotra in Bruins zone.
14:45 of 2nd period - Tobias Enstrom is hit by Travis Hamonic and loses puck.
16:07 of 2nd period - Minor Penalty to Jonathan Toews for Holding.
16:08 of 2nd period - David Krejci wins face-off versus Andy McDonald in Canadiens zone.
16:13 of 2nd period - Shot by Milan Lucic.
16:13 of 2nd period - Shot Misses the Net.
16:15 of 2nd period - Shot by Dennis Seidenberg.
16:15 of 2nd period - Stopped by Jonas Hiller without a rebound.
16:16 of 2nd period - David Krejci wins face-off versus Manny Malhotra in Canadiens zone.
16:27 of 2nd period - Shot by Jordan Leopold.
16:27 of 2nd period - Shot Blocked by Rob Scuderi.
16:31 of 2nd period - Shot by David Krejci.
16:31 of 2nd period - Stopped by Jonas Hiller with a rebound.
16:43 of 2nd period - Shot by David Krejci.
16:43 of 2nd period - Shot Misses the Net.
16:47 of 2nd period - Shot by Milan Lucic.
16:47 of 2nd period - Stopped by Jonas Hiller without a rebound.
16:48 of 2nd period - Andy McDonald wins face-off versus Brad Marchand in Canadiens zone.
17:07 of 2nd period - Marc-Edouard Vlasic is hit by Milan Lucic.
17:49 of 2nd period - Shot by Nathan Horton.
17:49 of 2nd period - Shot Blocked by P.K. Subban.
18:20 of 2nd period - Minor Penalty to Travis Hamonic for Interference.
18:21 of 2nd period - Jonathan Toews wins face-off versus David Krejci in Canadiens zone.
18:41 of 2nd period - Ales Hemsky is hit by Marc-Edouard Vlasic and loses puck.
18:50 of 2nd period - Shot by Ales Hemsky.
18:50 of 2nd period - Shot Misses the Net.
19:05 of 2nd period - Icing by Tobias Enstrom.
19:06 of 2nd period - Manny Malhotra wins face-off versus Patrice Bergeron in Bruins zone.
19:41 of 2nd period - Shot by Zach Bogosian.
19:41 of 2nd period - Stopped by Jonas Hiller with a rebound.
19:43 of 2nd period - Shot by Rich Peverley.
19:43 of 2nd period - Stopped by Jonas Hiller without a rebound.
19:44 of 2nd period - David Krejci wins face-off versus Jonathan Toews in Canadiens zone.
19:44 of 2nd period - David Krejci is hit by Tom Poti.

Period #3

0:01 of 3rd period - Patrice Bergeron wins face-off versus Jonathan Toews in neutral zone.
0:21 of 3rd period - Patrice Bergeron is hit by P.K. Subban and loses puck.
1:02 of 3rd period - Andy McDonald is hit by Tyler Seguin and loses puck.
1:06 of 3rd period - Adam McQuaid and Brandon Dubinsky fight to a draw.
1:06 of 3rd period - Penalty to Adam McQuaid for Fighting.
1:06 of 3rd period - Penalty to Brandon Dubinsky for Fighting.
1:06 of 3rd period - Penalty to Brandon Dubinsky for instigated a fight.
1:06 of 3rd period - Brandon Dubinsky is ejected from game.
1:07 of 3rd period - Patrice Bergeron wins face-off versus Jonathan Toews in Bruins zone.
2:51 of 3rd period - Jonathan Toews is hit by Nathan Horton and loses puck.
2:56 of 3rd period - Shot by Rick Nash.
2:56 of 3rd period - Shot Misses the Net.
3:00 of 3rd period - Shot by Patrice Bergeron.
3:00 of 3rd period - Shot Misses the Net.
3:02 of 3rd period - Shot by Zdeno Chara.
3:02 of 3rd period - Stopped by Jonas Hiller without a rebound.
3:03 of 3rd period - Manny Malhotra wins face-off versus David Krejci in Canadiens zone.
3:44 of 3rd period - Icing by Zach Bogosian.
3:45 of 3rd period - Andy McDonald wins face-off versus Chris Kelly in Bruins zone.
4:18 of 3rd period - Shot by Andy McDonald.
4:18 of 3rd period - Deflect By Jonathan Toews.
4:18 of 3rd period - Shot Misses the Net.
4:36 of 3rd period - Shot by Jordan Eberle.
4:36 of 3rd period - Stopped by Cam Ward without a rebound.
4:36 of 3rd period - Minor Penalty to Cam Ward for Slashing.
4:37 of 3rd period - Patrice Bergeron wins face-off versus Andy McDonald in Bruins zone.
4:54 of 3rd period - Shot by Marc-Edouard Vlasic.
4:54 of 3rd period - Stopped by Cam Ward without a rebound.
4:55 of 3rd period - Patrice Bergeron wins face-off versus Ville Leino in Bruins zone.
5:33 of 3rd period - Marc-Edouard Vlasic is hit by Milan Lucic.
5:56 of 3rd period - Off-side.
5:57 of 3rd period - Jonathan Toews wins face-off versus Nathan Horton in neutral zone.
6:12 of 3rd period - Shot by Jonathan Toews.
6:12 of 3rd period - Stopped by Cam Ward without a rebound.
6:13 of 3rd period - Patrice Bergeron wins face-off versus Manny Malhotra in Bruins zone.
6:34 of 3rd period - Shot by Manny Malhotra.
6:34 of 3rd period - Shot Misses the Net.
6:46 of 3rd period - Shot by Ales Hemsky.
6:46 of 3rd period - Shot Misses the Net.
6:48 of 3rd period - Shot by Rick Nash.
6:48 of 3rd period - Stopped by Jonas Hiller without a rebound.
6:49 of 3rd period - Bryan Little wins face-off versus Derick Brassard in Canadiens zone.
7:22 of 3rd period - Shot by Evander Kane.
7:22 of 3rd period - Shot Blocked by Bryan Little.
8:31 of 3rd period - Off-side.
8:32 of 3rd period - Patrice Bergeron wins face-off versus Andy McDonald in neutral zone.
9:45 of 3rd period - Shot by Bryan Little.
9:45 of 3rd period - Goal by Bryan Little - Canadiens : 3 - Bruins : 1.
9:46 of 3rd period - Manny Malhotra wins face-off versus Chris Kelly in neutral zone.
9:55 of 3rd period - Shot by David Perron.
9:55 of 3rd period - Stopped by Cam Ward with a rebound.
9:57 of 3rd period - Shot by Rob Scuderi.
9:57 of 3rd period - Stopped by Cam Ward without a rebound.
9:58 of 3rd period - Chris Kelly wins face-off versus Jonathan Toews in Bruins zone.
10:23 of 3rd period - Shot by Rich Peverley.
10:23 of 3rd period - Stopped by Jonas Hiller without a rebound.
10:24 of 3rd period - David Krejci wins face-off versus Andy McDonald in Canadiens zone.
10:29 of 3rd period - Shot by Milan Lucic.
10:29 of 3rd period - Shot Misses the Net.
10:53 of 3rd period - Icing by Zdeno Chara.
10:54 of 3rd period - Nathan Horton wins face-off versus Jordan Eberle in Bruins zone.
10:54 of 3rd period - Nathan Horton is hit by David Perron.
11:18 of 3rd period - Travis Hamonic is hit by Evander Kane and loses puck.
11:33 of 3rd period - Shot by David Perron.
11:33 of 3rd period - Stopped by Cam Ward without a rebound.
11:34 of 3rd period - Lars Eller wins face-off versus Rich Peverley in Bruins zone.
11:47 of 3rd period - Shot by Bryan Little.
11:47 of 3rd period - Stopped by Cam Ward without a rebound.
11:48 of 3rd period - Andy McDonald wins face-off versus Patrice Bergeron in Bruins zone.
12:51 of 3rd period - Shot by Dominic Moore.
12:51 of 3rd period - Stopped by Cam Ward with a rebound.
12:53 of 3rd period - Shot by Dominic Moore.
12:53 of 3rd period - Stopped by Cam Ward without a rebound.
12:54 of 3rd period - Manny Malhotra wins face-off versus Chris Kelly in Bruins zone.
13:33 of 3rd period - Shot by Tyler Seguin.
13:33 of 3rd period - Shot Blocked by Travis Hamonic.
14:47 of 3rd period - Shot by Jonathan Toews.
14:47 of 3rd period - Goal by Jonathan Toews - Canadiens : 4 - Bruins : 1.
14:48 of 3rd period - Patrice Bergeron wins face-off versus Andy McDonald in neutral zone.
14:51 of 3rd period - Shot by Rick Nash.
14:51 of 3rd period - Shot Misses the Net.
14:56 of 3rd period - Icing by Jonathan Toews.
14:57 of 3rd period - Chris Kelly wins face-off versus Andy McDonald in Canadiens zone.
14:57 of 3rd period - Chris Kelly is hit by P.K. Subban.
15:06 of 3rd period - Dennis Seidenberg is hit by P.K. Subban and loses puck.
15:18 of 3rd period - Shot by Jonathan Toews.
15:18 of 3rd period - Goal by Jonathan Toews - Canadiens : 5 - Bruins : 1.
15:19 of 3rd period - Patrice Bergeron wins face-off versus Manny Malhotra in neutral zone.
15:19 of 3rd period - Ales Hemsky is hit by Manny Malhotra and loses puck.
15:38 of 3rd period - Shot by Patrice Bergeron.
15:38 of 3rd period - Shot Misses the Net.
16:06 of 3rd period - Ales Hemsky is hit by Travis Hamonic.
16:19 of 3rd period - Icing by Rob Scuderi.
16:20 of 3rd period - Manny Malhotra wins face-off versus Chris Kelly in Canadiens zone.
16:41 of 3rd period - Shot by Dennis Seidenberg.
16:41 of 3rd period - Stopped by Jonas Hiller without a rebound.
16:42 of 3rd period - Andy McDonald wins face-off versus Derick Brassard in Canadiens zone.
16:49 of 3rd period - Shot by Ville Leino.
16:49 of 3rd period - Stopped by Cam Ward without a rebound.
16:49 of 3rd period - Minor Penalty to Zdeno Chara for Hooking.
16:50 of 3rd period - Andy McDonald wins face-off versus Patrice Bergeron in Bruins zone.
16:50 of 3rd period - Andy McDonald is hit by Dennis Seidenberg.
16:52 of 3rd period - Shot by P.K. Subban.
16:52 of 3rd period - Stopped by Cam Ward without a rebound.
16:53 of 3rd period - Jonathan Toews wins face-off versus David Krejci in Bruins zone.
16:54 of 3rd period - Shot by P.K. Subban.
16:54 of 3rd period - Stopped by Cam Ward with a rebound.
16:56 of 3rd period - Shot by Andy McDonald.
16:56 of 3rd period - Goal by Andy McDonald - Canadiens : 6 - Bruins : 1.
16:57 of 3rd period - Derick Brassard wins face-off versus Bryan Little in neutral zone.
17:12 of 3rd period - Shot by Derick Brassard.
17:12 of 3rd period - Shot Misses the Net.
17:14 of 3rd period - Shot by Brad Marchand.
17:14 of 3rd period - Stopped by Jonas Hiller without a rebound.
17:15 of 3rd period - Chris Kelly wins face-off versus Andy McDonald in Canadiens zone.
18:13 of 3rd period - Shot by Ales Hemsky.
18:13 of 3rd period - Stopped by Jonas Hiller without a rebound.
18:14 of 3rd period - Manny Malhotra wins face-off versus Derick Brassard in Canadiens zone.
19:45 of 3rd period - Shot by Ales Hemsky.
19:45 of 3rd period - Deflect By Patrice Bergeron.
19:45 of 3rd period - Shot Misses the Net.
19:49 of 3rd period - Shot by Rick Nash.
19:49 of 3rd period - Stopped by Jonas Hiller without a rebound.
19:50 of 3rd period - Chris Kelly wins face-off versus Jonathan Toews in Canadiens zone.


Output by the SimonT Hockey Simulator (STHS) for Stephane Roy -- Original Page W3C XHTML 1.0 Valid